 Dungeon Crawl Stone Soup version 0.23.2-1-ga50397a (webtiles) character file.

Game seed: 206865669991198030

16047 Borgoz the Fighter (level 12, -2/90 HPs)
             Began as a Halfling Gladiator on May 14, 2019.
             Was a Priest of Qazlal.
             Slain by a fire elemental (10 damage)
             ... led by Azrael
             ... on level 11 of the Dungeon.
             The game lasted 00:37:08 (14738 turns).

Borgoz the Fighter (Halfling Gladiator)            Turns: 14738, Time: 00:37:09

Health: -2/90      AC: 19    Str: 18    XL:     12   Next: 65%
Magic:  12/12      EV: 16    Int:  6    God:    Qazlal [***...]
Gold:   824        SH:  4    Dex: 18    Spells: 11/11 levels left

rFire    . . .     SeeInvis .   a - +2 rapier (drain)
rCold    . . .     Gourm    .   (shield restricted)
rNeg     . . .     Faith    .   d - +1 chain mail {MR+}
rPois    .         Spirit   .   w - +1 hat
rElec    .         Reflect  .   (no cloak)
rCorr    .         Harm     .   s - +0 pair of gloves
MR       ++...                  A - +0 pair of boots
Stlth    ..........             (no amulet)
HPRegen  0.25/turn              p - +3 ring of protection
MPRegen  0.13/turn              g - ring of protection from magic

@: hasted, very quick
A: small, mutation resistance 1
a: Upheaval, Elemental Force, Renounce Religion


You were on level 11 of the Dungeon.
You worshipped Qazlal.
Qazlal was most pleased with you.
You were not hungry.

You visited 2 branches of the dungeon, and saw 13 of its levels.
You also visited: Ossuary.

You collected 824 gold pieces.

Inventory:

Hand Weapons
 a - a +2 rapier of draining (weapon)
 E - a +0 long sword
Armour
 d - a +1 chain mail of magic resistance (worn)
 n - a +2 troll leather armour {Snorg}
 s - a +0 pair of gloves (worn)
 w - a +1 hat (worn)
 A - a +0 pair of boots (worn)
Jewellery
 b - an uncursed ring of positive energy
 e - an uncursed ring of ice
 g - a ring of protection from magic (right hand)
 m - an uncursed ring of stealth
 p - a +3 ring of protection (left hand)
 u - a +4 ring of intelligence
 x - an uncursed ring of flight
 I - an uncursed ring of fire
Wands
 k - a wand of flame (24)
 l - a wand of paralysis (3)
 o - a wand of random effects (24)
Scrolls
 h - 3 scrolls of teleportation
 j - 2 scrolls of identify
 q - 4 scrolls of remove curse
 r - a scroll of enchant weapon
 t - 2 scrolls of fear
 v - 2 scrolls of blinking
 y - a scroll of fog
 C - 4 scrolls of magic mapping
 D - 2 scrolls of enchant armour
 G - a scroll of amnesia
Potions
 c - 7 potions of brilliance
 i - 2 potions of curing
 B - 2 potions of mutation
Comestibles
 f - 13 rations
 F - 3 chunks of flesh


   Skills:
 * Level 11.6 Fighting
 + Level 11.1 Short Blades
 - Level 2.0 Throwing
 + Level 9.6 Armour
 + Level 10.2 Dodging


You had 11 spell levels left.
You didn't know any spells.
Your spell library contained the following spells:

 Spells                   Type           Power        Failure   Level  Hunger
 Corona                   Hex            #......      99%         1    ##.....
 Ensorcelled Hibernation  Hex/Ice        #.....       100%        2    ###....
 Confuse                  Hex            #.......     100%        3    ####...
 Dazzling Spray           Conj/Hex       #.....       100%        3    ####...
 Tukima's Dance           Hex            #.......     100%        3    ####...


Dungeon Overview and Level Annotations

Branches:
Dungeon (12/15)            Temple (1/1) D:7            Lair (0/6) D:9
    Orc (0/2) D:11

Altars:
Ashenzari
Cheibriados
Dithmenos
Elyvilon
Fedhas
Gozag
Hepliaklqana
Kikubaaqudgha
Makhleb
Nemelex Xobeh
Okawaru
Qazlal
Ru
Sif Muna
Trog
Uskayaw
Vehumet
Wu Jian
Xom
Yredelemnul
Zin
The Shining One

Shops:
D:5 }   D:6 =   D:9 !   D:10 [(

Annotations:
D:6 3 runed translucent doors, Killmatronix's ghost, novice KoHu; Rwicked's ghost, novice HaBe; Vojta's ghost, novice DDEE; bmj180's ghost, novice MiFi
D:7 3 runed translucent doors, Cryoshakespeare's ghost, novice KoBe
D:12 Azrael; Erolcha; Gastronok


Innate Abilities, Weirdness & Mutations

You are small and have problems with some larger weapons.
You are somewhat resistant to further mutation.


Message History

You kill the hell hound!
Qazlal accepts your kill. The fire elemental misses you.
The fire elemental closely misses you.
You puncture the fire elemental!
The fire elemental is heavily damaged.
The fire elemental closely misses you. The fire elemental misses you.
You hit the fire elemental.
The fire elemental is heavily damaged.
You miss the fire elemental.
The fire elemental is heavily damaged.
The fire elemental barely misses you. x2
You hit the fire elemental but do no damage.
You puncture the fire elemental!
The fire elemental is moderately damaged.
The fire elemental hits you. The fire elemental burns you!
* * * LOW HITPOINT WARNING * * *
You closely miss the fire elemental.
The fire elemental is moderately damaged.
The fire elemental hits you. The fire elemental burns you!
You die...

.♣.♣...♣♣♣.♣♣.♣♣.##
#....#
..♣♣..♣.♣.♣.♣♣.♣..#
######
♣..♣♣♣♣♣..♣♣.♣♣♣#.#
♣♣......♣♣..♣♣ #.#
♣♣♣♣♣..♣♣.♣.♣♣♣♣.#
######''####♣.♣.♣.#
'.'..#....##.♣.♣♣.#
#)#..#....##♣.♣♣..#
#.####...(# ♣♣.♣@##
#....'....# ♣♣♣E#
############♣♣#EE#
...............°##
#.##########....#
#.# ##.#.# #.#
#########.#.# #.#
#.........#.# ..#
#.#########.#


You could see 3 fire elementals.

Vanquished Creatures
  Snorg (D:11)
  Fannar (D:11)
  A two-headed ogre (D:11)
  Nergalle (D:11)
  An ugly thing (D:9)
  2 centaur zombies
  Joseph (D:9)
  2 gargoyles (D:11)
  A kobold demonologist (D:11)
  A tengu conjurer (D:11)
  2 trolls
  2 hippogriffs (D:10)
  Prince Ribbit (D:9)
  A wyvern (D:11)
  A shadow (D:11)
  2 fire elementals (D:11)
  A basilisk (D:9)
  5 yaks (D:10)
  2 hungry ghosts
  Edmund (D:4)
  3 hell hounds
  A water moccasin (D:8)
  Duvessa (D:4)
  2 porcupines (D:9)
  6 ice beasts
  3 orc warriors
  4 sky beasts
  2 necrophages (D:11)
  5 black bears
  A hornet zombie (D:9)
  7 ogres
  3 wolves (D:9)
  2 phantoms
  7 centaurs
  3 crocodiles
  6 bullfrogs
  The ghost of night the Sneak, an amateur VSAs (D:3)
  A water moccasin zombie (D:5)
  Dowan (D:4)
  A wyvern skeleton (D:11)
  5 scorpions
  5 wights (D:11)
  22 killer bees
  4 howler monkeys
  3 crimson imps
  A bullfrog zombie (D:5)
  A quasit (D:9)
  5 hounds
  2 human zombies (Ossuary)
  5 orc priests
  A bullfrog skeleton (D:11)
  3 jellies
  Jessica (D:2)
  4 iguanas
  10 orc wizards
  8 worker ants
  A big kobold zombie (Ossuary)
  A hound zombie (D:5)
  3 mummies
  2 worker ant zombies (D:5)
  15 adders
  A river rat (D:3)
  3 shadow imps
  4 adder zombies
  An adder skeleton (D:5)
  2 worms (D:3)
  4 leopard geckos
  31 orcs
  5 giant cockroaches
  7 goblins
  14 hobgoblins
  8 jackals
  5 quokkas
  2 ball pythons
  7 bats
  3 frilled lizards
  A giant cockroach zombie (D:3)
  2 goblin zombies (Ossuary)
  7 hobgoblin zombies (Ossuary)
  3 jackal zombies (Ossuary)
  10 kobolds
  7 kobold zombies (Ossuary)
  12 orc zombies (Ossuary)
  2 quokka skeletons
  7 rats
  A rat zombie (Ossuary)
  16 plants (D:11)
357 creatures vanquished.

Vanquished Creatures (others)
  An orc wizard (D:5)
  7 bushes (D:11)
  6 plants (D:11)
14 creatures vanquished.

Grand Total: 371 creatures vanquished

Notes
Turn   | Place    | Note
-------+----------+-------------------------------------------
     0 | D:1      | Borgoz the Halfling Gladiator began the quest for the Orb.
     0 | D:1      | Reached XP level 1. HP: 14/14 MP: 1/1
   176 | D:1      | Reached XP level 2. HP: 13/19 MP: 2/2
   626 | D:1      | Reached XP level 3. HP: 23/24 MP: 3/3
   719 | D:1      | Reached skill level 1 in Armour
   919 | D:2      | Noticed Jessica
   930 | D:2      | Killed Jessica
   930 | D:2      | Reached XP level 4. HP: 23/30 MP: 4/4
  1166 | D:2      | Found a sacrificial altar of Ru.
  1505 | D:2      | Reached XP level 5. HP: 29/36 MP: 5/5
  1890 | D:3      | Found a runed translucent door.
  1960 | D:3      | Noticed night's ghost (amateur VSAs)
  1960 | D:3      | Noticed a bullfrog
  2157 | D:3      | Found a faded altar of an unknown god.
  2266 | D:3      | Found a runed translucent door.
  2450 | D:3      | Killed a bullfrog
  2450 | D:3      | Reached XP level 6. HP: 34/43 MP: 6/6
  2476 | D:3      | Killed night's ghost
  2740 | D:4      | Reached skill level 5 in Short Blades
  2786 | D:4      | Noticed Duvessa
  2786 | D:4      | Noticed Dowan
  2797 | D:4      | Killed Duvessa
  2797 | D:4      | Reached XP level 7. HP: 49/49 MP: 7/7
  2801 | D:4      | Killed Dowan
  2889 | D:4      | Reached skill level 5 in Dodging
  2892 | D:4      | Found an ancient bone altar of Kikubaaqudgha.
  2892 | D:4      | Found a sparkling altar of Nemelex Xobeh.
  2905 | D:4      | Noticed Edmund
  2956 | D:4      | Killed Edmund
  2956 | D:4      | Reached skill level 5 in Fighting
  2988 | D:4      | Reached XP level 8. HP: 32/55 MP: 8/8
  3436 | D:4      | Found a basalt altar of Yredelemnul.
  3832 | D:5      | Entered Level 5 of the Dungeon
  3837 | D:5      | Found a blossoming altar of Fedhas.
  4487 | D:5      | Found an iron altar of Okawaru.
  4690 | D:5      | Reached XP level 9. HP: 62/62 MP: 9/9
  4840 | D:5      | Found Lurenlei's Gadget Shoppe.
  4943 | D:5      | Found a glowing silver altar of Zin.
  4961 | D:5      | Reached skill level 5 in Armour
  4962 | D:5      | You fall through a shaft for 2 floors!
  5134 | D:6      | Found a snail-covered altar of Cheibriados.
  5168 | D:6      | Found a sand-covered staircase.
  5175 | Ossuary  | Entered an ossuary
  5718 | D:6      | Found Oceruibue's Jewellery Emporium.
  5804 | D:6      | Found a runed translucent gate.
  5804 | D:6      | Found a runed translucent gate.
  5804 | D:6      | Found a runed translucent gate.
  5805 | D:6      | Noticed bmj180's ghost (novice MiFi)
  5805 | D:6      | Noticed Killmatronix's ghost (novice KoHu)
  5805 | D:6      | Noticed Rwicked's ghost (novice HaBe)
  5805 | D:6      | Noticed Vojta's ghost (novice DDEE)
  6602 | D:7      | Found a runed translucent gate.
  6603 | D:7      | Found a runed translucent gate.
  6605 | D:7      | Found a runed translucent gate.
  6606 | D:7      | Found an opulent altar of Gozag.
  6607 | D:7      | Noticed a purple ugly thing
  6607 | D:7      | Noticed a white ugly thing
  6607 | D:7      | Noticed Cryoshakespeare's ghost (novice KoBe)
  6809 | D:7      | Found a staircase to the Ecumenical Temple.
  6831 | Temple   | Entered the Ecumenical Temple
  6919 | Temple   | Became a worshipper of Qazlal Stormbringer
  7346 | D:7      | Reached XP level 10. HP: 67/72 MP: 10/10
  8152 | D:9      | Noticed Prince Ribbit
  8165 | D:9      | Killed Prince Ribbit
  8261 | D:9      | Noticed Joseph
  8289 | D:9      | Killed Joseph
  8512 | D:9      | Reached * piety under Qazlal
  8868 | D:9      | Found Guqeebru's Distillery.
  9075 | D:9      | Reached XP level 11. HP: 30/80 MP: 11/11
  9081 | D:9      | Found a staircase to the Lair.
  9364 | D:9      | Noticed a cyan ugly thing
  9390 | D:9      | Killed a cyan ugly thing
  9916 | D:10     | Entered Level 10 of the Dungeon
 10533 | D:10     | Reached ** piety under Qazlal
 10571 | D:10     | Reached skill level 10 in Fighting
 11248 | D:10     | Found Gopsis's Antique Armour Boutique.
 11257 | D:10     | Reached skill level 10 in Short Blades
 11548 | D:10     | Found Diuqacy's Antique Weapon Emporium.
 12202 | D:11     | Noticed Fannar
 12239 | D:11     | Killed Fannar
 12312 | D:11     | Reached XP level 12. HP: 47/88 MP: 12/12
 12369 | D:11     | Noticed Snorg
 12429 | D:12     | Reached *** piety under Qazlal
 12536 | D:11     | HP: 2/133 [Snorg (13)]
 12539 | D:11     | Killed Snorg
 12918 | D:11     | Found a staircase to the Orcish Mines.
 12925 | D:11     | Noticed Nergalle
 12946 | D:11     | Killed Nergalle
 13250 | D:11     | Reached skill level 10 in Dodging
 13903 | D:11     | Noticed a two-headed ogre
 13911 | D:11     | Killed a two-headed ogre
 14566 | D:12     | Noticed Azrael
 14567 | D:12     | Noticed Gastronok
 14577 | D:12     | Noticed Erolcha
 14738 | D:11     | Slain by a fire elemental

Skill      XL: |  1  2  3  4  5  6  7  8  9 10 11 12 |
---------------+-------------------------------------+-----
Fighting       | 2 3 4 5 6 7 9 10 11 | 11.6
Armour         | 1 2 3 4 6 7 8 9 |  9.6
Short Blades   | 4 5 6 7 9 10 11 | 11.1
Dodging        | 4 5 6 7 8 9 10 | 10.2
Throwing       | |  2.0

Action                   |  1- 3 |  4- 6 |  7- 9 | 10-12 || total
-------------------------+-------+-------+-------+-------++-------
Melee: Rapier            |    98 |   233 |   743 |   798 ||  1872
       Dagger            |       |       |    34 |   738 ||   772
Throw: Throwing net      |       |       |     3 |     1 ||     4
Evoke: Wand              |       |       |       |     3 ||     3
  Use: Potion            |     1 |     1 |     5 |    18 ||    25
       Scroll            |       |     6 |     9 |    14 ||    29
 Stab: Held in net/web   |       |       |     3 |     2 ||     5
       Paralysed         |       |       |       |     2 ||     2
  Eat: Chunk             |       |     6 |    23 |    16 ||    45
       Ration            |       |       |       |     4 ||     4
Armor: Leather armour    |     4 |       |       |       ||     4
       Scale mail        |    24 |   103 |    19 |       ||   146
       Chain mail        |       |       |   258 |   474 ||   732
       Skin              |       |       |    92 |    19 ||   111
Dodge: Dodged            |    51 |   183 |   358 |   768 ||  1360
Block: Other             |       |       |       |    80 ||    80
